 Dungeon Crawl Stone Soup version 0.30.1-11-g7821555f0a (webtiles) character file.

Game seed: 17974632940513641446

532 porpoise the Skirmisher (level 7, 0/61 HPs)
             Began as a Minotaur Hunter on Jan 15, 2024.
             Killed from afar by Eustachio (7 damage)
             ... with a puff of flame
             ... on level 4 of the Dungeon.
             The game lasted 00:09:52 (3613 turns).

porpoise the Skirmisher (Minotaur Hunter)           Turns: 3613, Time: 00:09:53

Health: 0/61       AC:  3    Str: 15    XL:     7   Next: 4%
Magic:  6/6        EV: 12    Int:  6    God:
Gold:   98         SH:  0    Dex: 16    Spells: 6/6 levels left

rFire   . . .        a - +0 shortbow
rCold   + . .        (shield currently unavailable)
rNeg    . . .        c - +0 leather armour
rPois   .            (helmet restricted)
rElec   .            (no cloak)
rCorr   .            (no gloves)
SInv    .            (no boots)
Will    .....        (no amulet)
Stlth   +            t - ring of protection from cold
HPRegen 0.30/turn    C - ring of flight
MPRegen 0.10/turn

%: no passive effects
@: flying, hasted, very quick
A: horns 2, retaliatory headbutt
a: no special abilities


You were on level 4 of the Dungeon.
You visited 2 branches of the dungeon, and saw 5 of its levels.
You also visited: Sewer.

You collected 278 gold pieces.
You spent 180 gold pieces at shops.

Inventory:

Hand Weapons
 a - a +0 shortbow (weapon)
 b - the +0 whip "Qisur" {flame, Str+3 Int+4}
   (You bought it in a shop on level 2 of the Dungeon)

   Str:       It affects your strength (+3).
   Int:       It affects your intelligence (+4).
 D - a +2 dagger of holy wrath
Missiles
 r - 3 curare-tipped darts
 w - 35 poisoned darts
Armour
 c - a +0 leather armour (worn)
 y - a +0 buckler
Jewellery
 t - a ring of protection from cold (left hand)
 C - a ring of flight (right hand)
Wands
 n - a wand of flame (13)
Scrolls
 d - 2 scrolls of teleportation
 f - a scroll of magic mapping
 g - a scroll of amnesia
 i - a scroll of fear
 l - a scroll of butterflies {unknown}
 m - a scroll of blinking
 p - 2 scrolls of fog
 q - a scroll of noise {unknown}
 s - a scroll of identify {unknown}
 u - 2 scrolls of immolation
Potions
 e - 2 potions of attraction {unknown}
 h - a potion of flight {unknown}
 j - 2 potions of might {unknown}
 k - a potion of degeneration {unknown}
 o - 2 potions of berserk rage {unknown}
 v - a potion of curing {unknown}
 x - 3 potions of haste
 z - 2 potions of magic {unknown}
 A - 2 potions of heal wounds {unknown}
 B - a potion of cancellation {unknown}


   Skills:
 + Level 5.5 Fighting
 * Level 8.1 Ranged Weapons
 - Level 2.1 Dodging
 - Level 0.7 Stealth


You had 6 spell levels left.
You didn't know any spells.
Your spell library contained the following spells:

 Spells                   Type           Power      Damage    Failure   Level
 Sandblast                Erth           0%         2d4       52%         1
 Ensorcelled Hibernation  Hex/Ice        0%         N/A       67%         2
 Lesser Beckoning         Tloc           0%         N/A       67%         2
 Passwall                 Tmut/Erth      0%         N/A       67%         2
 Gell's Gravitas          Tloc           0%         N/A       88%         3
 Stone Arrow              Conj/Erth      0%         3d7       88%         3
 Swiftness                Air            0%         N/A       88%         3
 Teleport Other           Tloc           0%         N/A       88%         3


Dungeon Overview and Level Annotations

Branches:
Dungeon (4/15)             Temple (1/1) D:4           Sewer (visited)

Altars:
Ashenzari
Cheibriados
Kikubaaqudgha
Makhleb
Nemelex Xobeh
Sif Muna
Uskayaw
Vehumet
Wu Jian
Xom
Yredelemnul
Zin
The Shining One

Shops:
D:2 ((*

Annotations:
D:4 Eustachio


Innate Abilities, Weirdness & Mutations

You have a pair of horns on your head.
You reflexively headbutt those who attack you in melee.


Message History

Fire: a) +0 shortbow
Press: ? - help, Q - select action, (/) - cycle Shift-Dir - straight line, f/p - Eustachio
Aim: Eustachio, wielding a +0 rapier of protection, wearing a +0 leather armour and carrying a wand of flame (10) (translocational energy, severely wounded, fast, 57% to hit)
You shoot an arrow. The arrow hits the quokka.
The quokka is heavily wounded.
The quokka bites you.
The crimson imp hits you but does no damage.
The crimson imp blinks!
Fire: a) +0 shortbow
Press: ? - help, Q - select action, (/) - cycle Shift-Dir - straight line, f/p - Eustachio
Aim: Eustachio, wielding a +0 rapier of protection, wearing a +0 leather armour and carrying a wand of flame (10) (severely wounded, fast, 57% to hit)
You shoot an arrow. The arrow hits the quokka!
You kill the quokka!
The quokka's corpse disappears in a puff of smoke!
The crimson imp blinks!
The crimson imp hits you but does no damage.
Eustachio hits you with a +0 rapier of protection.
Fire: a) +0 shortbow
Press: ? - help, Q - select action, (/) - cycle Shift-Dir - straight line, f/p - Eustachio
Aim: Eustachio, wielding a +0 rapier of protection, wearing a +0 leather armour and carrying a wand of flame (10) (blue smoke, severely wounded, fast, 57% to hit)
You shoot an arrow. The arrow barely misses Eustachio.
Eustachio hits you with a +0 rapier of protection.
* * * LOW HITPOINT WARNING * * *
The crimson imp misses you. You furiously retaliate!
You headbutt the crimson imp! Eustachio closely misses you.
You furiously retaliate!
You headbutt Eustachio.
Fire: a) +0 shortbow
Press: ? - help, Q - select action, (/) - cycle Shift-Dir - straight line, f/p - Eustachio
Aim: Eustachio, wielding a +0 rapier of protection, wearing a +0 leather armour and carrying a wand of flame (10) (blue smoke, severely wounded, fast, 57% to hit)
You shoot an arrow. The arrow closely misses Eustachio.
Eustachio zaps a wand.
The puff of flame hits you!
* * * LOW HITPOINT WARNING * * *
The crimson imp hits you.
* * * LOW HITPOINT WARNING * * *
Eustachio hits you with a +0 rapier of protection.
* * * LOW HITPOINT WARNING * * *
You feel yourself speed up.
The crimson imp blinks!
Eustachio says, "Summoning is fun!"
Eustachio zaps a wand.
The puff of flame hits you!
You die...

####### #### ...... ..#
....## #.# 5....#
#####.###@5..# # #.......@5#
#.##.###.##### ### .........#
#.. ... ..##.##..# ##+# #.#
#.# #.........# ##...###.#
#.#
#.###..#.####.....##.#####.##
#.###..#.###.......#.##......
#........##..........##....##
##.......+..................


You could see Eustachio (fast) and 3 crimson imps.

Vanquished Creatures
  Sigmund (D:4)
  A kobold brigand (Sewer)
  An iguana (D:4)
  An orc wizard (D:3)
  Robin (D:2)
  5 gnolls
  2 river rats (Sewer)
  7 adders
  An ufetubus (D:4)
  A worm (D:2)
  2 dart slugs
  6 orcs (D:3)
  7 bats
  6 endoplasms
  2 giant cockroaches
  14 goblins
  2 hobgoblins
  19 kobolds
  A quokka (D:1)
  8 ball pythons
  3 frilled lizards
  21 rats
112 creatures vanquished.

Notes
Turn   | Place    | Note
-------+----------+-------------------------------------------
     0 | D:1      | porpoise the Minotaur Hunter began the quest for the Orb.
     0 | D:1      | Reached XP level 1. HP: 18/18 MP: 0/0
   184 | D:1      | Reached XP level 2. HP: 25/25 MP: 1/1
   266 | D:1      | Reached skill level 5 in Ranged Weapons
   360 | D:1      | Found a faded altar of an unknown god.
   514 | D:1      | Reached XP level 3. HP: 31/31 MP: 2/2
   904 | D:2      | Noticed Robin
   916 | D:2      | Killed Robin
   925 | D:2      | Reached XP level 4. HP: 19/38 MP: 3/3
  1287 | D:2      | Found Hekehemp's Antique Weapon Shoppe.
  1316 | D:2      | Bought a jewelled whip for 180 gold pieces
  1316 | D:2      | Identified the +0 whip "Qisur" {flame, Str+3 Int+4} (You
                  | bought it in a shop on level 2 of the Dungeon)
  1331 | D:2      | Found Quski's Assorted Antiques.
  1402 | D:2      | Found Fugabec's Weapon Emporium.
  1553 | D:3      | Found a glowing drain.
  1566 | Sewer    | Entered a sewer
  1601 | Sewer    | Noticed a kobold brigand
  1609 | Sewer    | Killed a kobold brigand
  1610 | Sewer    | Reached skill level 6 in Ranged Weapons
  1610 | Sewer    | Reached XP level 5. HP: 38/46 MP: 4/4
  2439 | D:3      | Reached skill level 7 in Ranged Weapons
  2439 | D:3      | Reached XP level 6. HP: 32/53 MP: 5/5
  2536 | D:3      | Found a glowing silver altar of Zin.
  3024 | D:3      | Reached skill level 5 in Fighting
  3168 | D:4      | Found a sparkling altar of Nemelex Xobeh.
  3292 | D:4      | Found a staircase to the Ecumenical Temple.
  3323 | Temple   | Entered the Ecumenical Temple
  3470 | D:4      | Noticed Sigmund
  3474 | D:4      | Killed Sigmund
  3475 | D:4      | Reached skill level 8 in Ranged Weapons
  3543 | D:4      | Reached XP level 7. HP: 57/61 MP: 6/6
  3587 | D:4      | Noticed Eustachio
  3613 | D:4      | Killed from afar by Eustachio

Illustrated notes

Levels and vault maps discovered:
D:1:      matt_arrival_diagonals, layout_basic, ebering_ecumenical_altar_box,
          hex_intersection, nicolae_grassy_gnolls
D:2:      layout_loops_ring, serial_rivers, chequers_serial_rivers_micro_d,
          chequers_serial_rivers_small_3, chequers_serial_rivers_micro_e,
          chequers_serial_rivers_room_b, serial_shops, shop,
          nicolae_diamond_shop, shop_coins, uniq_robin
D:3:      layout_basic, mainiacjoe_overflow_alcove_2, portal_sewer_entry_a
D:4:      layout_loops_corners, kennysheep_mini_moat, temple_pool_b,
          kennysheep_pointless_box, nrook_campfire, uniq_eustachio,
          uniq_natasha, uniq_sigmund
Temple:   nicolae_temple_ecumenical_triangle

Skill      XL: |  1  2  3  4  5  6 |
---------------+-------------------+-----
Fighting       | 3 4 5 |  5.5
Ranged Weapons | 5 6 7 8 |  8.1
Dodging        | |  2.1
Stealth        | |  0.7

Action                     |  1- 3 |  4- 6 |  7- 9 || total
---------------------------+-------+-------+-------++-------
   Fire: Shortbow          |    84 |   221 |    26 ||   331
  Throw: Dart              |       |     3 |       ||     3
    Use: Scroll            |       |     6 |       ||     6
         Potion            |       |       |     1 ||     1
 Armour: Leather armour    |     7 |    16 |     5 ||    28
  Dodge: Dodged            |    18 |    55 |    14 ||    87
